 Dungeon Crawl Stone Soup version 0.31-a0-1603-gbec6b6ccbf (webtiles) character file.

Game seed: 14169082543759406184

5124 MisterAzrael the Geomancer (level 10, -4/50 HPs)
             Began as a Deep Elf Earth Elementalist on Jan 7, 2024.
             Was a Priest of Vehumet.
             Killed from afar by Erolcha (28 damage)
             ... with a fireball
             ... on level 9 of the Dungeon.
             The game lasted 00:23:31 (8685 turns).

MisterAzrael the Geomancer (DEEE)                   Turns: 8685, Time: 00:23:32

Health: -4/50      AC:  8    Str:  4    XL:     10   Next: 32%
Magic:  11/33      EV: 12    Int: 24    God:    Vehumet [***...]
Gold:   505        SH:  0    Dex: 16    Spells: 6/25 levels left

rFire   . . .        B - +3 rapier
rCold   . . .        (no shield)
rNeg    + . .        a - +0 robe
rPois   +            (no helmet)
rElec   .            f - +2 ratskin cloak {*Rats rPois rN+ Str-1 Int-1 Dex+1}
rCorr   .            (no gloves)
SInv    .            e - +2 pair of boots {Stlth+}
Will    +....        u - amulet of faith
Stlth   +++++        m - ring of wizardry
HPRegen 0.28/turn    H - ring of magical power
MPRegen 0.23/turn

%: faith, wizardry (x1)
@: very slightly contaminated
A: no striking features
a: Renounce Religion


You were on level 9 of the Dungeon.
You worshipped Vehumet.
Vehumet was most pleased with you.
You visited 1 branch of the dungeon, and saw 9 of its levels.

You collected 505 gold pieces.

Inventory:

Hand Weapons
 w - a +0 dagger
 B - a +3 rapier (weapon)
 C - a +4 quarterstaff of chaos
Missiles
 s - 2 throwing nets
Armour
 a - a +0 robe (worn)
 e - a +2 pair of boots of stealth (worn)
 f - the +2 ratskin cloak (worn) {*Rats rPois rN+ Str-1 Int-1 Dex+1}
   (You found it on level 2 of the Dungeon)

   *Rats:     When the wearer is hurt, rats may emerge from it to assist them.
   Str-1:     It affects your strength (-1).
   Int-1:     It affects your intelligence (-1).
   Dex+1:     It affects your dexterity (+1).
   rPois:     It protects you from poison rN+: It protects you from negative
   energy.
 E - an orb of energy
Magical Staves
 g - a staff of conjuration
Jewellery
 m - a ring of wizardry (left hand)
 n - a +6 ring of dexterity
 u - an amulet of faith (around neck)
 A - a +6 ring of intelligence
 H - a ring of magical power (right hand)
Wands
 p - a wand of paralysis (21)
 t - a wand of quicksilver (13)
 y - a wand of mindburst (15)
 I - a wand of iceblast (10)
Scrolls
 c - 4 scrolls of identify
 d - 2 scrolls of enchant weapon
 k - 2 scrolls of amnesia
 o - 3 scrolls of noise
 x - a scroll of revelation
 D - a scroll of vulnerability
Potions
 b - a potion of magic
 h - 6 potions of curing
 i - a potion of lignification {unknown}
 j - 2 potions of cancellation {unknown}
 l - 2 potions of berserk rage
 q - 2 potions of might
 r - 2 potions of enlightenment {unknown}
 v - a potion of resistance {unknown}
 z - a potion of haste
 F - a potion of ambrosia {unknown}


   Skills:
 + Level 4.0 Short Blades
 - Level 2.4 Staves
 - Level 2.4 Dodging
 + Level 7.7 Stealth
 + Level 8.0 Spellcasting
 * Level 8.9 Conjurations
 * Level 9.5 Earth Magic
 + Level 2.8 Alchemy
 - Level 2.6 Evocations


You had 6 spell levels left.
You knew the following spells:

 Your Spells              Type           Power      Damage    Failure   Level
a - Sandblast             Erth           100%       2d20      1%          1
b - Stone Arrow           Conj/Erth      100%       3d13      1%          3
c - Brom's Barrelling Bo  Conj/Erth      52%        2d7       1%          4
d - Petrify               Alch/Erth      39%        N/A       2%          4
e - Frozen Ramparts       Ice            18%        1d3       2%          3
f - Olgreb's Toxic Radia  Alch           23%        N/A       2%          4

Your spell library contained the following spells:

 Spells                   Type           Power      Damage    Failure   Level
 Dazzling Flash           Conj/Hex       62%        N/A       1%          3
 Freeze                   Ice            36%        1d5       1%          1
 Hailstorm                Conj/Ice       31%        3d8       1%          3
 Passwall                 Erth           53%        N/A       1%          3
 Call Imp                 Summ           18%        N/A       4%          2
 Sublimation of Blood     Necr           9%         N/A       4%          2
 Ozocubu's Refrigeration  Ice            4%         4d8       97%         7
 Summon Hydra             Summ           4%         N/A       100%        7
 Discord                  Hex            4%         N/A       100%        8


Dungeon Overview and Level Annotations

Branches:
Dungeon (9/15)             Temple (0/1) D:5
   Lair: D:8-11         Orc: D:9-12

Altars:
Cheibriados
Dithmenos
Hepliaklqana
Makhleb
Vehumet

Annotations:
D:9 Erolcha


Message History

Aim: Erolcha, wielding a +0 giant spiked club, wearing a +2 robe of willpower and carrying a wand of mindburst (chance to affect: 7%) Erolcha resists with almost no effort.
Casting: Petrify (dangerous; 2% risk of failure)
Confirm with . or Enter, or press ? or * to list all spells.
Aiming: Petrify (dangerous; 2% risk of failure)
Press: ? - help, Shift-Dir - straight line, f/p - Erolcha
Aim: Erolcha, wielding a +0 giant spiked club, wearing a +2 robe of willpower and carrying a wand of mindburst (chance to affect: 7%) Erolcha resists with almost no effort.
Erolcha zaps a wand.
You resist with significant effort.
Casting: Petrify (dangerous; 2% risk of failure)
Confirm with . or Enter, or press ? or * to list all spells.
Aiming: Petrify (dangerous; 2% risk of failure)
Press: ? - help, Shift-Dir - straight line, f/p - Erolcha
Aim: Erolcha, wielding a +0 giant spiked club, wearing a +2 robe of willpower and carrying a wand of mindburst (chance to affect: 7%)
You miscast Petrify.
You are very lightly contaminated with residual magic.
Nothing appears to happen.
Erolcha zaps a wand.
Your mind is blasted!
A river rat scurries out from under your cloak.
Your river rat bites Erolcha.
Casting: Petrify (dangerous; 2% risk of failure)
Confirm with . or Enter, or press ? or * to list all spells.
Aiming: Petrify (dangerous; 2% risk of failure)
Press: ? - help, Shift-Dir - straight line, f/p - Erolcha
Aim: Erolcha, wielding a +0 giant spiked club, wearing a +2 robe of willpower and carrying a wand of mindburst (lightly wounded, ally target, chance to affect: 7%) Erolcha resists with almost no effort.
Erolcha hits you with a +0 giant spiked club!
A river rat scurries out from under your cloak.
Your river rat barely misses Erolcha.
Your river rat closely misses Erolcha.
Erolcha zaps a wand.
Your river rat's mind is blasted!
Your river rat is blown up!
Your river rat bites Erolcha but does no damage.
Erolcha gestures at you while chanting.
You easily resist.
Your river rat bites Erolcha.
Your river rat bites Erolcha but does no damage.
There is a stone staircase leading up here.
Erolcha points at you and mumbles some strange words.
The fireball explodes!
The fireball engulfs you!!
Ouch! That really hurt!
You die...

#################
#.......=.......#
#...............+
#..(............#
#......[........#
#...............#
#.....@...O.....#
#..........r....#
#...............#
.................#
.................#
.##+##...........#
#...........#
#...........#


You could see Erolcha (ally target) and a friendly river rat.

Vanquished Creatures
  Pikel (D:5)
  Sigmund (D:5)
  6 yaks (D:8)
  Eustachio (D:5)
  Menkaure (D:7)
  2 water moccasins
  3 sky beasts
  3 orc warriors (D:8)
  An ice beast (D:6)
  An ogre (D:6)
  A centaur (D:5)
  3 lemures (D:5)
  2 phantoms (D:6)
  A bullfrog (D:6)
  A gnoll sergeant (D:6)
  3 scorpions
  4 hounds
  A gnoll bouda (D:5)
  4 orc priests
  Crazy Yiuf (D:5)
  3 iguanas
  Ijyb (D:3)
  Jessica (D:3)
  2 orc wizards
  9 gnolls
  6 adders
  An ufetubus (D:6)
  3 ribbon worms (D:2)
  A dart slug (D:3)
  36 orcs
  6 ball pythons
  4 endoplasms
  8 giant cockroaches
  6 goblins
  9 hobgoblins
  A jackal (D:2)
  7 quokkas
  6 bats
  4 frilled lizards
  6 kobolds
  10 rats
171 creatures vanquished.

Vanquished Creatures (collateral kills)
  Joseph (D:7)
  Jeremiah (D:7)
  Grinder (D:5)
  A centaur (D:7)
  A phantom (D:5)
  2 bullfrogs (D:7)
  A bombardier beetle (D:5)
  A hound (D:5)
  A gnoll (D:5)
  An ufetubus (D:6)
  A dart slug (D:7)
  13 boulders
25 creatures vanquished.

Vanquished Creatures (others)
  12 boulders
12 creatures vanquished.

Grand Total: 208 creatures vanquished

Notes
Turn   | Place    | Note
-------+----------+-------------------------------------------
     0 | D:1      | MisterAzrael the Deep Elf Earth Elementalist began the
                  | quest for the Orb.
     0 | D:1      | Reached XP level 1. HP: 10/10 MP: 6/6
   301 | D:1      | Reached XP level 2. HP: 15/15 MP: 5/8
  1047 | D:2      | Reached XP level 3. HP: 18/19 MP: 6/9
  1226 | D:2      | Found the +2 ratskin cloak {*Rats rPois rN+ Str-1 Int-1
                  | Dex+1}
  1230 | D:2      | Reached skill level 4 in Earth Magic
  1325 | D:2      | Reached XP level 4. HP: 24/24 MP: 5/11
  1830 | D:3      | Noticed Ijyb
  1836 | D:3      | Killed Ijyb
  1895 | D:3      | Learned a level 3 spell: Stone Arrow
  1928 | D:3      | Reached XP level 5. HP: 28/28 MP: 9/13
  1995 | D:3      | Noticed Jessica
  2020 | D:3      | Killed Jessica
  2658 | D:4      | Found a radiant altar of Vehumet.
  2668 | D:4      | Became a worshipper of Vehumet
  2752 | D:4      | Reached skill level 5 in Earth Magic
  2790 | D:4      | Reached XP level 6. HP: 32/32 MP: 11/14
  2795 | D:4      | Identified a scroll of acquirement
  2795 | D:4      | Acquired a staff of conjuration
  3081 | D:4      | Learned a level 4 spell: Brom's Barrelling Boulder
  3086 | D:4      | Learned a level 4 spell: Petrify
  3245 | D:5      | Entered Level 5 of the Dungeon
  3298 | D:5      | Reached skill level 1 in Evocations
  3495 | D:5      | Noticed Pikel
  3512 | D:5      | Noticed Grinder
  3637 | D:5      | Noticed a water moccasin
  3641 | D:5      | Killed Pikel
  3642 | D:5      | Reached skill level 5 in Spellcasting
  3642 | D:5      | Reached skill level 5 in Conjurations
  3642 | D:5      | Reached skill level 6 in Earth Magic
  3642 | D:5      | Reached XP level 7. HP: 36/36 MP: 7/17
  3649 | D:5      | Reached XP level 8. HP: 30/41 MP: 8/18
  3935 | D:5      | Found a staircase to the Ecumenical Temple.
  4095 | D:5      | Noticed Eustachio
  4126 | D:5      | Killed Eustachio
  4127 | D:5      | Reached skill level 7 in Earth Magic
  4160 | D:5      | Learned a level 3 spell: Frozen Ramparts
  4176 | D:5      | Reached skill level 1 in Short Blades
  4260 | D:5      | Found a runed translucent door.
  4261 | D:5      | Noticed Crazy Yiuf
  4329 | D:5      | Reached * piety under Vehumet
  4329 | D:5      | Offered knowledge of Kiss of Death by Vehumet.
  4337 | D:5      | Killed Grinder
  4338 | D:5      | Reached skill level 5 in Stealth
  4429 | D:5      | Noticed Sigmund
  4445 | D:5      | Killed Sigmund
  4616 | D:5      | Killed Crazy Yiuf
  5080 | D:6      | Reached XP level 9. HP: 42/45 MP: 11/20
  5450 | D:6      | Reached skill level 8 in Earth Magic
  5902 | D:7      | Offered knowledge of Sting by Vehumet.
  5903 | D:7      | Noticed Menkaure
  5909 | D:7      | Noticed Joseph
  5913 | D:7      | Reached ** piety under Vehumet
  6077 | D:7      | Learned a level 4 spell: Olgreb's Toxic Radiance
  6189 | D:7      | Found a snail-covered altar of Cheibriados.
  6202 | D:7      | Paralysed by Joseph for 3 turns
  6207 | D:7      | Paralysed by Joseph for 4 turns
  6367 | D:7      | Killed Menkaure
  6493 | D:7      | Paralysed by Joseph for 2 turns
  6763 | D:7      | Reached skill level 1 in Alchemy
  6819 | D:7      | Noticed Jeremiah
  6831 | D:7      | Killed Jeremiah
  7059 | D:7      | Paralysed by Joseph for 2 turns
  7066 | D:7      | Killed Joseph
  7339 | D:8      | Identified the +6 scale mail of Midwinter {rF+ Int+5}
  7393 | D:8      | Reached skill level 9 in Earth Magic
  7393 | D:8      | Reached XP level 10. HP: 43/50 MP: 8/23
  8201 | D:8      | Found a shadowy altar of Dithmenos.
  8328 | D:8      | Offered knowledge of Dazzling Flash by Vehumet.
  8332 | D:8      | Reached *** piety under Vehumet
  8637 | D:8      | Found a burning altar of Makhleb.
  8637 | D:8      | Found a hazy altar of Hepliaklqana.
  8669 | D:9      | Noticed Erolcha
  8685 | D:9      | Killed from afar by Erolcha

Illustrated notes

Levels and vault maps discovered:
D:1:      dpeg_chamrin_arrival_tetris, layout_basic, minmay_worlds_worst_comb
D:2:      layout_rooms, minmay_joined_circles
D:3:      layout_loops_ring, skrybe_limestone_x, uniq_jessica, uniq_ijyb
D:4:      layout_basic, old_standard_altar
D:5:      layout_basic, minmay_temple_entry_water_ring, serial_glass,
          glass_columns_a, glass_columns_a, glass_columns_a, glass_columns_a,
          glass_columns_c, glass_columns_a, glass_columns_a, glass_columns_c,
          glass_columns_a, glass_columns_a, glass_columns_c, glass_columns_a,
          glass_columns_a, glass_columns_a, grunt_decor_cap, uniq_pikel,
          uniq_sigmund, uniq_crazy_yiuf_cottage, uniq_grinder, uniq_eustachio
D:6:      layout_cave_pools, nicolae_eternal_life
D:7:      layout_basic, kennysheep_slug_shrine, uniq_jeremiah, uniq_joseph,
          uniq_menkaure
D:8:      layout_rooms, kennysheep_mini, gammafunk_temple_overflow_statue,
          special_room [special_room_orc]
D:9:      layout_grid_maze, kb_lookout_dungeons_type, uniq_erolcha

Skill      XL: |  1  2  3  4  5  6  7  8  9 10 |
---------------+-------------------------------+-----
Conjurations   | 2 3 4 5 7 8 |  8.9
Earth Magic    | 4 5 6 7 9 |  9.5
Stealth        | 3 5 7 |  7.7
Spellcasting   | 4 5 6 7 8 |  8.0
Evocations     | 2 |  2.6
Staves         | 2 |  2.4
Short Blades   | 2 3 4 |  4.0
Alchemy        | 2 |  2.8
Dodging        | |  2.4

Action                     |  1- 3 |  4- 6 |  7- 9 | 10-12 || total
---------------------------+-------+-------+-------+-------++-------
  Melee: Unarmed           |     1 |     2 |       |       ||     3
         Staff             |       |       |     3 |       ||     3
         Rapier            |       |       |    49 |    13 ||    62
         Punch             |       |       |     4 |       ||     4
   Cast: Sandblast         |    51 |    88 |    35 |     6 ||   180
         Brom's Barrelling |       |     5 |    28 |     4 ||    37
         Petrify           |       |       |    16 |     9 ||    25
         Olgreb's Toxic Ra |       |       |     5 |     5 ||    10
         Frozen Ramparts   |       |       |     2 |     1 ||     3
         Stone Arrow       |       |       |       |     2 ||     2
    Use: Scroll            |       |     8 |    10 |     1 ||    19
         Potion            |       |       |     2 |     2 ||     4
   Stab: Petrified         |       |       |    27 |     4 ||    31
         Sleeping          |       |       |     3 |     1 ||     4
         Petrifying        |       |       |     1 |       ||     1
 Armour: Robe              |     5 |    47 |   104 |    26 ||   182
  Dodge: Dodged            |    20 |    54 |    87 |    22 ||   183

Table legend: (Time is in decaauts)
 A = Elapsed time spent in this place.
 B = Non-inter-level travel time spent in this place.
 C = Inter-level travel time spent in this place.
 D = Time resting spent in this place.
 E = Time spent auto-exploring this place.
 F = Levels seen in this place.
 G = Mean time per level.
                   A        B        C        D        E       F      G
               +--------+--------+--------+--------+--------+-----+--------+
         Total |   8776 |   8489 |    287 |   2254 |   4563 |   9 |  975.1 |
       Dungeon |   8776 |   8489 |    287 |   2254 |   4563 |   9 |  975.1 |
               +--------+--------+--------+--------+--------+-----+--------+

Top non-repeatable levels by time:
     D:5: 1838 daAuts
     D:6: 1259 daAuts
     D:1: 1019 daAuts
     D:7: 1006 daAuts
     D:8: 968 daAuts
     D:2: 789 daAuts
     D:3: 762 daAuts
     D:4: 731 daAuts
     D:9: 400 daAuts
